Map: Automaton LE

Players

Lambo - Winner!

  • Race: Zerg Zerg
  • League: Grandmaster
  • Spawn Location: 9:00

RotterdaM

  • Race: Protoss Protoss
  • League: Grandmaster
  • Spawn Location: 3:00

VOD

Have the link to the VOD?

Description

Time

  • Played on: Jan. 7, 2019, 8:41 a.m.
  • Length: 14:05
Show
View Real Time Build Order
Export as new Build Order

Lambo Zerg - Winner!

Build Orders: Hatch First 

Get SALT Encoding   

  12  0:00  Drone  
  13  0:12  Overlord  
  13  0:17  Drone  
  14  0:30  Drone x2  
  16  0:49  Hatchery  
  15  0:52  Drone  
  15  0:56  Drone  
  17  0:59  Drone  
  18  1:10  Extractor  
  17  1:14  Spawning Pool  
  17  1:18  Drone  
  17  1:21  Drone  
  18  1:27  Drone  
  19  1:40  Drone  
  20  1:52  Drone  
  21  2:01  Queen x2, Zergling x2  
  21  2:02  Overlord  
  26  2:10  Metabolic Boost  
  26  2:11  Drone  
  26  2:14  Drone  
  28  2:23  Drone x2  
  30  2:34  Drone x2  
  32  2:42  Hatchery  
  31  2:46  Drone  
  32  2:55  Overlord  
  32  2:57  Drone x2  
  34  3:00  Queen  
  36  3:14  Overlord  
  36  3:17  Drone x2  
  36  3:18  Drone x3  
  41  3:22  Drone  
  41  3:25  Drone x2  
  44  3:28  Overlord  
  44  3:36  Queen, Drone  
  44  3:37  Drone  
  44  3:39  Drone  
  49  3:50  Overlord  
  49  3:52  Overlord, Drone  
  49  3:53  Drone  
  49  3:54  Queen  
  53  3:58  Queen, Overlord  
  53  4:02  Zergling x4  
  57  4:07  Drone  
  58  4:12  Queen  
  60  4:17  Spore Crawler, Drone x5  
  60  4:22  Roach Warren  
  63  4:27  Drone x4  
  63  4:29  Drone  
  63  4:31  Drone  
  69  4:35  Overlord  
  69  4:36  Extractor  
  69  4:37  Drone  
  68  4:39  Drone  
  68  4:42  Spore Crawler  
  68  4:43  Spore Crawler  
  68  4:45  Extractor, Drone  
  67  4:49  Zergling x4  
  67  4:50  Spore Crawler  
  68  4:55  Drone  
  68  4:56  Drone  
  70  5:04  Drone x4  
  70  5:05  Overlord  
  70  5:06  Lair  
  74  5:08  Overlord, Queen  
  74  5:14  Queen  
  75  5:17  Drone  
  75  5:18  Drone x2  
  75  5:19  Evolution Chamber  
  75  5:20  Drone x2  
  81  5:23  Spore Crawler, Drone  
  81  5:27  Drone x2  
  81  5:28  Drone  
  84  5:31  Drone x2  
  84  5:34  Drone x3  
  87  5:39  Drone  
  87  5:40  Drone x2  
  89  5:43  Extractor x2  
  89  5:44  Extractor  
  89  5:48  Zerg Missile Weapons Level 1  
  89  5:49  Roach x4  
  94  5:55  Overlord, Spore Crawler  
  93  6:00  Drone  
  93  6:01  Drone x2  
  93  6:06  Drone x3  
  96  6:13  Drone x2  
  96  6:15  Hydralisk Den  
  97  6:18  Drone x2  
  97  6:19  Drone  
  97  6:21  Hatchery  
  97  6:27  Drone x2  
  97  6:29  Glial Reconstitution  
  99  6:33  Overseer  
  99  6:39  Overlord  
  99  6:44  Hydralisk x7  
  99  6:45  Grooved Spines  
  113  6:52  Overlord  
  113  7:00  Infestation Pit  
  112  7:02  Hydralisk x4  
  120  7:11  Hydralisk x4  
  128  7:20  Spore Crawler  
  127  7:25  Spore Crawler, Hydralisk  
  128  7:31  Overlord x2  
  128  7:33  Spore Crawler, Drone x8  
  128  7:36  Pathogen Glands  
  129  7:41  Hatchery  
  128  7:51  Hydralisk x6  
  126  7:55  Hydralisk x2  
  126  7:57  Muscular Augments  
  142  8:07  Overlord  
  142  8:09  Overlord  
  142  8:11  Zerg Missile Weapons Level 2  
  142  8:14  Evolution Chamber  
  142  8:19  Overlord  
  141  8:21  Overlord x2  
  141  8:23  Overlord  
  141  8:24  Burrow  
  141  8:25  Extractor  
  141  8:26  Extractor, Drone x4  
  143  8:28  Drone x2  
  145  8:34  Overlord  
  145  8:35  Pneumatized Carapace  
  145  8:36  Overseer  
  145  8:38  Drone x2  
  145  8:40  Drone x2  
  149  8:42  Infestor  
  149  8:48  Neural Parasite  
  151  8:49  Spore Crawler  
  151  8:52  Zerg Ground Armor Level 1  
  151  8:54  Infestor  
  152  8:58  Drone  
  152  8:59  Infestor  
  152  9:02  Drone x3  
  158  9:06  Infestor  
  158  9:07  Spore Crawler  
  157  9:12  Drone x4  
  157  9:13  Infestor  
  163  9:19  Hive  
  163  9:20  Drone x2  
  161  9:25  Infestor x2  
  165  9:33  Infestor  
  167  9:40  Infestor  
  167  9:42  Hatchery  
  168  9:46  Infestor  
  168  9:49  Overlord  
  168  9:52  Spore Crawler  
  169  9:54  Spore Crawler  
  169  9:55  Spore Crawler  
  169  9:56  Drone x6  
  169  9:59  Spore Crawler  
  172  10:06  Spore Crawler x2, Infestor x3  
  176  10:07  Spore Crawler  
  176  10:08  Spore Crawler x2  
  176  10:09  Spore Crawler  
  168  10:20  Infestor x2  
  171  10:22  Queen  
  171  10:27  Spore Crawler  
  171  10:28  Spore Crawler x3, Drone x4  
  168  10:29  Spore Crawler, Drone  
  168  10:30  Spore Crawler, Drone  
  168  10:31  Spore Crawler x2  
  168  10:32  Spore Crawler, Drone x2  
  168  10:33  Drone x3  
  168  10:34  Drone  
  168  10:39  Infestor x2  
  172  10:49  Hydralisk  
  154  10:50  Hydralisk x4  
  154  10:57  Hydralisk x3  
  146  11:00  Infestor  
  154  11:12  Infestor x2  
  158  11:20  Drone x3  
  158  11:23  Infestor x2  
  165  11:26  Spore Crawler  
  165  11:27  Spore Crawler  
  163  11:35  Extractor  
  163  11:37  Extractor  
  163  11:38  Spore Crawler, Drone x2  
  163  11:39  Drone x2  
  164  11:40  Spore Crawler  
  164  11:41  Spore Crawler  
  164  11:42  Spore Crawler, Drone x3  
  164  11:43  Spore Crawler, Drone x3  
  164  11:45  Spore Crawler x2  
  164  11:46  Zerg Ground Armor Level 2  
  164  11:47  Spore Crawler  
  163  11:54  Ultralisk Cavern  
  163  11:56  Hydralisk x2  
  163  12:01  Hydralisk x2  
  166  12:03  Queen  
  166  12:07  Drone x4  
  166  12:08  Drone x4  
  180  12:09  Drone  
  181  12:17  Spore Crawler  
  180  12:22  Spore Crawler  
  180  12:23  Spore Crawler x3  
  180  12:24  Spore Crawler  
  180  12:25  Infestor  
  180  12:26  Infestor x2  
  180  12:29  Hydralisk x2  
  185  12:49  Hydralisk x6  
  196  13:02  Spire  
  195  13:07  Spore Crawler x2  
  195  13:08  Spore Crawler  
  195  13:09  Queen  
  195  13:12  Overlord x3  
  194  13:13  Infestor  
Show
View Real Time Build Order
Export as new Build Order

RotterdaM Protoss 

Build Orders: Phoenix Opening, Carriers, Mass Phoenix 

Get SALT Encoding   

  12  0:00  Probe  
  13  0:13  Probe  
  14  0:18  Pylon  
  14  0:25  Probe  
  15  0:33  Probe  
  15  0:41  Probe  
  17  0:51  Probe  
  18  1:06  Nexus  
  18  1:15  Probe  
  18  1:16  Gateway  
  18  1:23  Probe  
  19  1:30  Assimilator  
  20  1:34  Probe, Assimilator  
  21  1:42  Pylon  
  21  1:46  Probe  
  22  1:58  Probe  
  23  2:03  Cybernetics Core  
  23  2:07  Probe, Zealot  
  25  2:14  Probe  
  25  2:15  Probe  
  26  2:22  Probe  
  28  2:26  Probe  
  30  2:32  Probe  
  31  2:38  Probe  
  31  2:41  Stargate  
  32  2:47  Adept  
  32  2:49  Probe  
  35  2:53  Probe  
  36  2:59  Protoss Air Weapons Level 1  
  36  3:01  Probe  
  36  3:04  Probe  
  37  3:06  Pylon  
  38  3:13  Probe  
  38  3:14  Probe, Pylon  
  38  3:16  Phoenix  
  40  3:25  Probe x2  
  43  3:30  Assimilator  
  44  3:35  Assimilator  
  44  3:37  Probe  
  44  3:39  Phoenix  
  45  3:47  Probe  
  48  3:55  Pylon  
  48  3:56  Probe  
  48  4:00  Stargate  
  48  4:02  Probe, Forge  
  50  4:06  Phoenix  
  52  4:15  Probe  
  52  4:16  Probe  
  54  4:18  Void Ray  
  54  4:20  Stargate  
  54  4:27  Probe  
  54  4:29  Probe  
  60  4:46  Phoenix  
  60  4:50  Probe  
  63  4:55  Phoenix  
  63  4:58  Photon Cannon, Pylon  
  64  5:00  Probe  
  66  5:08  Phoenix  
  66  5:13  Nexus  
  68  5:15  Pylon  
  68  5:21  Probe  
  69  5:22  Phoenix, Pylon  
  69  5:28  Phoenix  
  73  5:29  Probe  
  73  5:33  Probe  
  75  5:38  Phoenix  
  75  5:41  Photon Cannon  
  77  5:46  Photon Cannon  
  77  5:49  Photon Cannon  
  77  5:53  Phoenix  
  79  5:59  Phoenix  
  79  6:02  Shield Battery  
  81  6:05  Assimilator  
  81  6:09  Phoenix  
  83  6:11  Assimilator  
  83  6:17  Phoenix  
  85  6:24  Phoenix  
  85  6:25  Probe  
  85  6:26  Probe  
  85  6:28  Probe  
  88  6:33  Probe  
  88  6:34  Probe  
  88  6:36  Probe  
  90  6:41  Probe  
  90  6:42  Fleet Beacon  
  90  6:45  Probe x2, Phoenix  
  94  6:53  Probe  
  97  6:56  Phoenix  
  97  7:00  Probe x2  
  101  7:05  Probe  
  102  7:08  Stargate  
  102  7:12  Probe x2, Pylon  
  104  7:18  Probe  
  105  7:24  Photon Cannon  
  105  7:25  Photon Cannon  
  105  7:27  Pylon  
  105  7:36  Carrier  
  109  7:38  Carrier  
  109  7:40  Protoss Air Weapons Level 2  
  115  7:47  Carrier  
  119  7:59  Carrier  
  125  8:15  Pylon x2  
  125  8:18  Pylon  
  125  8:36  Carrier  
  125  8:39  Carrier  
  137  8:49  Carrier  
  137  9:02  Nexus, Pylon  
  143  9:03  Carrier, Pylon  
  143  9:04  Pylon  
  143  9:05  Pylon  
  142  9:31  Probe  
  143  9:33  Protoss Air Weapons Level 3  
  143  9:35  Phoenix  
  143  9:37  Pylon  
  143  9:38  Pylon  
  143  9:39  Phoenix  
  143  9:44  Photon Cannon  
  151  9:47  Photon Cannon  
  151  9:48  Photon Cannon  
  151  9:50  Photon Cannon  
  147  9:53  Phoenix, Pylon  
  147  9:55  Pylon  
  147  9:58  Assimilator  
  147  9:59  Phoenix  
  149  10:02  Assimilator  
  149  10:04  Phoenix  
  149  10:06  Photon Cannon  
  153  10:07  Photon Cannon  
  153  10:12  Phoenix x2  
  157  10:24  Phoenix  
  157  10:25  Probe x3, Phoenix  
  162  10:29  Robotics Facility  
  164  10:37  Probe  
  163  10:58  Carrier  
  163  11:01  Phoenix x3  
  148  11:14  Probe  
  149  11:20  Robotics Bay  
  149  11:22  Robotics Facility, Observer  
  149  11:23  Robotics Facility  
  149  11:26  Phoenix  
  152  11:39  Observer  
  152  11:43  Phoenix  
  154  11:48  Carrier  
  160  12:00  Disruptor  
  160  12:07  Protoss Air Armor Level 1  
  160  12:10  Disruptor x2  
  169  12:29  Void Ray  
  169  12:35  Void Ray  
  169  12:36  Colossus  
  177  12:41  Disruptor  
  180  12:48  Void Ray  
  186  12:51  Void Ray  
  194  13:05  Nexus, Pylon  
  194  13:08  Observer, Pylon  
  194  13:09  Pylon  
  194  13:12  Assimilator  
  195  13:13  Assimilator  
  195  13:19  Disruptor  
Tags
 
Add a new tag
Caveats
  • Supply blocks, unpowered buildings, or Contaminate may cause inaccurate times.
  • Supply counts are checked every 10 seconds.